 Dungeon Crawl Stone Soup version 0.30.0-5-g1a98f26d00 (webtiles) character file.

Game seed: 14215822016101508174

139 Jase the Grave Robber (level 5, -7/35 HPs)
             Began as a Demonspawn Necromancer on May 10, 2023.
             Mangled by Ijyb
             ... wielding a +7 club
              (11 damage)
             ... on level 4 of the Dungeon.
             The game lasted 00:08:38 (2727 turns).

Jase the Grave Robber (Demonspawn Necromancer)      Turns: 2727, Time: 00:08:39

Health: -7/35      AC:  6    Str:  8    XL:     5   Next: 1%
Magic:  9/9        EV: 12    Int: 18    God:
Gold:   158        SH:  0    Dex: 14    Spells: 2/10 levels left

rFire   . . .        d - +0 dagger
rCold   . . .        (no shield)
rNeg    . . .        a - +0 robe
rPois   .            (no helmet)
rElec   .            k - +2 cloak
rCorr   +            m - +0 pair of gloves
SInv    .            (no boots)
Will    .....        (no amulet)
Stlth   ++           f - ring of resist corrosion
HPRegen 0.25/turn    (no ring)
MPRegen 0.11/turn

%: no passive effects
@: lethally poisoned (-7 -> -11)
A: claws 1, foul stench 1, weakness stinger 1
a: no special abilities


You were on level 4 of the Dungeon.
You visited 1 branch of the dungeon, and saw 4 of its levels.

You collected 158 gold pieces.

Inventory:

Hand Weapons
 d - a +0 dagger (weapon)
Armour
 a - a +0 robe (worn)
 k - a +2 cloak (worn)
 m - a +0 pair of gloves (worn)
Jewellery
 f - a ring of resist corrosion (left hand)
 i - an amulet of the acrobat
Wands
 j - a wand of flame (16)
Scrolls
 c - 3 scrolls of identify {unknown}
 e - a scroll of butterflies {unknown}
 n - a scroll of teleportation {unknown}
 p - a scroll of enchant weapon {unknown}
 q - a scroll of immolation {unknown}
Potions
 b - a potion of magic
 g - 3 potions of haste {unknown}
 h - a potion of resistance {unknown}
 l - a potion of heal wounds
 o - a potion of cancellation {unknown}


   Skills:
 - Level 1.7 Dodging
 - Level 1.7 Stealth
 - Level 0.4 Unarmed Combat
 + Level 3.1 Spellcasting
 * Level 6.2 Necromancy


You had 2 spell levels left.
You knew the following spells:

 Your Spells              Type           Power      Damage    Failure   Level
a - Necrotise             Necr           100%       1d9       1%          1
b - Vampiric Draining     Necr           25%        2d7       3%          3
c - Animate Dead          Necr           25%        N/A       13%         4

Your spell library contained the following spells:

 Spells                   Type           Power      Damage    Failure   Level
 Static Discharge         Conj/Air       4%         2-3/arc   24%         2
 Agony                    Necr           25%        N/A       34%         5
 Airstrike                Air            1%         2d(1-17)  85%         4
 Summon Lightning Spire   Summ/Air       2%         N/A       85%         4


Dungeon Overview and Level Annotations

Branches:
Dungeon (4/15)
 Temple: D:4-7

Altars:

Shops:
D:3 *

Annotations:
D:3 1 runed translucent door, Crazy Yiuf
D:4 Ijyb


Innate Abilities, Weirdness & Mutations

You have sharp fingernails.
You may rarely emit foul miasma when damaged in melee.
You have a small tail.


Message History

You have reached level 5!
Your demonic ancestry asserts itself...
Your fingernails lengthen.
Ijyb the Twisted Goblin comes into view.
She is wielding a +7 club, wearing a +1 scale mail of cold resistance and carrying a wand of paralysis (6).
Found a stone staircase leading up.
An adder comes into view.
The helpless endoplasm fails to defend itself.
You puncture the endoplasm!
You kill the endoplasm!
The adder hisses angrily.
Ijyb shouts!
Ijyb zaps a wand.
You suddenly lose the ability to move!
You can move again.
The adder bites you.
You are poisoned.
The adder poisons you! Ijyb closely misses you.
Unknown command.
You hit Ijyb but do no damage.
You feel sick. The adder closely misses you. Ijyb hits you with a +7 club.
You hit Ijyb. You tail-slap Ijyb, but do no damage.
Ijyb is lightly wounded.
You feel sick. The adder bites you but does no damage.
Ijyb zaps a wand.
You resist with some effort.
You barely miss Ijyb. You tail-slap Ijyb, but do no damage.
Ijyb is lightly wounded.
You feel sick. The adder bites you.
* * * LOW HITPOINT WARNING * * *
You emit a cloud of foul miasma!
The adder is engulfed in dark miasma.
The adder is poisoned.
The adder seems to slow down.
The adder bites you.
* * * LOW HITPOINT WARNING * * *
Ijyb hits you with a +7 club.
* * * LOW HITPOINT WARNING * * *
You hit Ijyb but do no damage.
Your tail-slap misses Ijyb.
Ijyb is lightly wounded.
You feel sick.
The adder is no longer moving slowly.
The adder is engulfed in dark miasma.
The adder looks even sicker.
The adder bites you.
* * * LOW HITPOINT WARNING * * *
You are lethally poisoned!
The adder poisons you! Ijyb hits you with a +7 club!
You die...

.. .... ..##.. .
...... ..... ..
...... .... <...
###......##..# .....
...#.......... ......
............g##......
.............@.......
.............S.......
........###..........
#$....###..........
###.................#
..........###.#...#..
..........##..#..## .
...........!....##
.................#


You could see Ijyb and an adder (very poisoned).

Vanquished Creatures
  An orc priest (D:3)
  Robin (D:2)
  4 adders
  2 worms (D:2)
  A dart slug (D:3)
  3 orcs (D:3)
  3 ball pythons
  3 endoplasms
  A giant cockroach (D:1)
  12 goblins
  4 hobgoblins
  4 jackals (D:2)
  2 kobolds
  2 bats
  2 frilled lizards
  3 rats
48 creatures vanquished.

Vanquished Creatures (collateral kills)
  A goblin (D:2)
  2 rats
3 creatures vanquished.

Grand Total: 51 creatures vanquished

Notes
Turn   | Place    | Note
-------+----------+-------------------------------------------
     0 | D:1      | Jase the Demonspawn Necromancer began the quest for the
                  | Orb.
     0 | D:1      | Reached XP level 1. HP: 13/13 MP: 3/3
   741 | D:2      | Discovered your monstrous ancestry.
   741 | D:2      | Gained mutation: You have a small tail. [demonic ancestry]
   741 | D:2      | Reached XP level 2. HP: 13/19 MP: 0/5
   797 | D:2      | Noticed Robin
   806 | D:2      | Killed Robin
   807 | D:2      | Reached skill level 5 in Necromancy
   807 | D:2      | Gained mutation: You may rarely emit foul miasma when
                  | damaged in melee. [demonic ancestry]
   807 | D:2      | Reached XP level 3. HP: 18/24 MP: 0/6
   863 | D:1      | Learned a level 3 spell: Vampiric Draining
  1306 | D:2      | Reached XP level 4. HP: 23/30 MP: 0/8
  1536 | D:2      | Learned a level 4 spell: Animate Dead
  2156 | D:3      | Found Lidufrapp's Assorted Antiques.
  2419 | D:3      | Reached skill level 6 in Necromancy
  2649 | D:3      | Found a runed translucent door.
  2650 | D:3      | Noticed Crazy Yiuf
  2715 | D:4      | Gained mutation: You have sharp fingernails. [demonic
                  | ancestry]
  2715 | D:4      | Reached XP level 5. HP: 16/35 MP: 9/9
  2717 | D:4      | Noticed Ijyb
  2721 | D:4      | Paralysed by Ijyb for 2 turns
  2727 | D:4      | Mangled by Ijyb

Illustrated notes

Levels and vault maps discovered:
D:1:      matt_arrival_debris, layout_loops_ring
D:2:      layout_rooms, grunt_decor_junction, uniq_robin
D:3:      layout_loops_ring, serial_shops, nicolae_shop_hallway_stairs,
          uniq_crazy_yiuf_cottage
D:4:      layout_cave_pools, kennysheep_mini_moat,
          nicolae_overflow_hallway_of_the_gods, minmay_temple_entry_junction_2,
          gup_sewer_entry_pipe, uniq_ijyb

Skill      XL: |  1  2  3  4 |
---------------+-------------+-----
Necromancy     | 5 6 |  6.2
Spellcasting   | 3 |  3.1
Dodging        | |  1.7
Stealth        | |  1.7
Unarmed Combat | |  0.4

Action                     |  1- 3 |  4- 6 || total
---------------------------+-------+-------++-------
  Melee: Dagger            |    28 |    19 ||    47
         Unarmed           |     5 |       ||     5
         Punch             |     2 |       ||     2
         Tailslap          |     4 |     6 ||    10
   Cast: Necrotise         |    53 |    29 ||    82
    Use: Potion            |     1 |       ||     1
   Stab: Sleeping          |       |     2 ||     2
 Armour: Robe              |     8 |     1 ||     9
  Dodge: Dodged            |    22 |     5 ||    27
